 Dungeon Crawl Stone Soup version 0.24-a0-769-g368c1644f8 (webtiles) character file.

Game seed: 2312721331737536752, levelgen mode: deterministic

2798 Notrik the Protected (level 9, 0/82 HPs)
             Began as a Minotaur Fighter on Oct 4, 2019.
             Was a Follower of the Shining One.
             Succumbed to a killer bee's poison
             ... on level 7 of the Dungeon.
             The game lasted 00:35:31 (5673 turns).

Notrik the Protected (Minotaur Fighter)             Turns: 5673, Time: 00:35:32

Health: 0/82       AC:  8    Str: 24    XL:     9   Next: 43%
Magic:  8/8        EV:  8    Int: 11    God:    the Shining One [*.....]
Gold:   311        SH: 11    Dex: 10    Spells: 8/8 levels left

rFire    . . .     SeeInvis .   a - +7 trident of Vuerghiyrgh {freeze, Int+6}
rCold    . . .     Gourm    .   c - +0 shield
rNeg     + . .     Faith    .   u - +0 scale mail
rPois    .         Spirit   .   (helmet restricted)
rElec    .         Reflect  .   (no cloak)
rCorr    .         Harm     .   (no gloves)
MR       .....                  (no boots)
Stlth    ..........             (no amulet)
HPRegen  0.23/turn              r - ring of flight
MPRegen  0.11/turn              q - ring of positive energy

@: lethally poisoned (0 -> -12), glowing
A: retaliatory headbutt, horns 2
a: Renounce Religion, Evoke Flight


You were on level 7 of the Dungeon.
You worshipped the Shining One.
The Shining One was aware of your devotion.
You were not hungry.

You visited 1 branch of the dungeon, and saw 7 of its levels.

You collected 311 gold pieces.

Inventory:

Hand Weapons
 a - the +7 trident of Vuerghiyrgh (weapon) {freeze, Int+6}
   (You found it on level 7 of the Dungeon)

   It has been specially enchanted to freeze those struck by it, causing extra
   injury to most foes and up to half again as much damage against particularly
   susceptible opponents.
   It can also slow down cold-blooded creatures.
   It affects your intelligence (+6).
 m - a +0 war axe
   (You found it on level 2 of the Dungeon)
Missiles
 C - 2 throwing nets (quivered) {!f}
Armour
 c - a +0 shield (worn)
 u - a +0 scale mail (worn)
   (You found it on level 4 of the Dungeon)
Jewellery
 q - a ring of positive energy (right hand)
   (You found it on level 4 of the Dungeon)
 r - a ring of flight (left hand)
   (You found it on level 3 of the Dungeon)
Wands
 y - a wand of polymorph (6)
   (You found it on level 6 of the Dungeon)
Scrolls
 b - a scroll of blinking {unknown}
 g - 8 scrolls of remove curse {unknown}
 h - a scroll of noise {unknown}
 i - a scroll of fog {unknown}
 j - a scroll of enchant armour {unknown}
 k - 2 scrolls of random uselessness {unknown}
 l - 2 scrolls of fear {unknown}
 n - 4 scrolls of teleportation {unknown}
 p - 4 scrolls of magic mapping
 s - a scroll of enchant weapon {unknown}
 w - 2 scrolls of amnesia {unknown}
Potions
 d - 3 potions of might
 f - 2 potions of brilliance
 o - 2 potions of agility
 t - a potion of flight
 x - a potion of heal wounds {@q2}
 z - 2 potions of haste {@q3}
 A - a potion of mutation {unknown}
Comestibles
 e - 16 rations {!d}
 v - 8 chunks of flesh


   Skills:
 + Level 8.6 Fighting
 - Level 8.0(8.1) Axes
 + Level 1.4(5.2) Polearms
 + Level 8.6 Armour
 + Level 8.6 Shields


You had 8 spell levels left.
You didn't know any spells.
Your spell library was empty.

Dungeon Overview and Level Annotations

Branches:
Dungeon (7/15)             Temple (0/1) D:6

Altars:
Ashenzari
Fedhas
Gozag
Okawaru
Qazlal
Vehumet
Xom
The Shining One

Annotations:
D:7 Menkaure


Innate Abilities, Weirdness & Mutations

You reflexively headbutt those who attack you in melee.
You have a pair of horns on your head.


Message History

You are more poisoned.
The killer bee poisons you!
The killer bee stings you but does no damage.
You puncture the killer bee! You freeze the killer bee.
You kill the killer bee!
You feel sick. The killer bee stings you.
* * * LOW HITPOINT WARNING * * *
You are more poisoned.
The killer bee poisons you! The killer bee barely misses you.
The killer bee stings you.
* * * LOW HITPOINT WARNING * * *
The killer bee stings you.
* * * LOW HITPOINT WARNING * * *
You are more poisoned.
The killer bee poisons you!
Unknown command.
You are too injured to fight recklessly!
Unknown command.
You hit the killer bee. You freeze the killer bee.
* * * LOW HITPOINT WARNING * * *
You feel very sick. The killer bee stings you.
* * * LOW HITPOINT WARNING * * *
The killer bee stings you but does no damage.
The killer bee stings you.
* * * LOW HITPOINT WARNING * * *
The killer bee stings you.
* * * LOW HITPOINT WARNING * * *
You are more poisoned.
The killer bee poisons you! The killer bee closely misses you.
Unknown command.
Unknown command.
You barely miss the killer bee.
* * * LOW HITPOINT WARNING * * *
You feel very sick. You block the killer bee's attack.
The killer bee stings you but does no damage.
The killer bee stings you.
* * * LOW HITPOINT WARNING * * *
Menkaure, Prince of Dust comes into view.
The killer bee stings you but does no damage. x2
You feel better. The killer bee closely misses you. The killer bee stings you.
* * * LOW HITPOINT WARNING * * *
You are poisoned.
The killer bee poisons you! The killer bee stings you.
* * * LOW HITPOINT WARNING * * *
You are more poisoned.
The killer bee poisons you!
The killer bee stings you but does no damage.
You die...

...........##.#........#.###.##.#
...###############†.###### ##
...# #..# #### #..# #..# ##..##
##....## ##..)..)# #.@.##...#
#..## #..# ... #yy# ..# ... #.W.
..# ### #.... .# M..... ...#####
..# ..#


You could see a hungry ghost, Menkaure and 2 killer bees.

Vanquished Creatures
  Grinder (D:4)
  A water moccasin (D:7)
  4 sky beasts
  2 ice beasts (D:7)
  A necrophage (D:5)
  4 ogres
  2 centaurs
  A bullfrog (D:6)
  3 scorpions
  4 killer bees (D:7)
  5 crimson imps
  A centaur zombie (D:7)
  3 hounds
  2 orc priests
  3 worker ants
  2 iguanas
  3 orc wizards
  Terence (D:2)
  A hound skeleton (D:5)
  11 adders
  10 gnolls
  5 oozes
  2 adder zombies (D:6)
  4 adder skeletons
  4 worms
  A dart slug (D:1)
  3 leopard geckos
  28 orcs
  4 giant cockroaches
  11 goblins
  7 hobgoblins
  17 jackals
  4 quokkas
  6 bats
  3 frilled lizards
  6 kobolds
  A leopard gecko zombie (D:6)
  11 rats
182 creatures vanquished.

Notes
Turn   | Place    | Note
-------+----------+-------------------------------------------
     0 | D:1      | Notrik the Minotaur Fighter began the quest for the Orb.
     0 | D:1      | Reached XP level 1. HP: 19/19 MP: 0/0
   205 | D:1      | Reached XP level 2. HP: 26/27 MP: 1/1
   648 | D:2      | Reached XP level 3. HP: 18/33 MP: 2/2
   899 | D:2      | Noticed Terence
   905 | D:2      | Killed Terence
   905 | D:2      | Reached XP level 4. HP: 30/41 MP: 3/3
  1662 | D:3      | Found a blossoming altar of Fedhas.
  2023 | D:3      | Reached XP level 5. HP: 34/47 MP: 4/4
  2111 | D:3      | Found a shattered altar of Ashenzari.
  2113 | D:3      | Found a shimmering altar of Xom.
  2210 | D:3      | Found an iron altar of Okawaru.
  2225 | D:3      | Found a stormy altar of Qazlal.
  2307 | D:3      | Reached skill level 5 in Armour
  2309 | D:3      | Reached skill level 5 in Fighting
  2400 | D:3      | Reached skill level 5 in Shields
  2554 | D:3      | Reached XP level 6. HP: 56/56 MP: 5/5
  2900 | D:4      | Noticed Grinder
  2908 | D:4      | Paralysed by Grinder for 6 turns
  2916 | D:4      | Killed Grinder
  2916 | D:4      | Reached skill level 5 in Axes
  2916 | D:4      | Reached XP level 7. HP: 38/62 MP: 6/6
  3437 | D:5      | Entered Level 5 of the Dungeon
  3945 | D:5      | Reached XP level 8. HP: 30/71 MP: 7/7
  4320 | D:5      | Found an opulent altar of Gozag.
  4320 | D:5      | Found a glowing golden altar of the Shining One.
  4328 | D:5      | Became a worshipper of the Shining One
  4794 | D:6      | Found a radiant altar of Vehumet.
  5037 | D:6      | Found a staircase to the Ecumenical Temple.
  5300 | D:6      | Reached XP level 9. HP: 68/81 MP: 8/8
  5423 | D:7      | Reached * piety under the Shining One
  5504 | D:7      | Got a faintly glowing trident
  5578 | D:7      | Identified the +7 trident of Vuerghiyrgh {freeze, Int+6}
                  | (You found it on level 7 of the Dungeon)
  5654 | D:7      | Reached skill level 1 in Polearms
  5671 | D:7      | HP: 3/82 [poisoned by a killer bee]
  5671 | D:7      | HP: 1/82 [killer bee (2)]
  5671 | D:7      | Noticed Menkaure
  5673 | D:7      | Succumbed to a killer bee's poison

Levels and vault maps discovered:
D:1:      giann_forest_graveyard, layout_loops_ring, st_stairs_11
D:2:      layout_basic, uniq_terence
D:3:      layout_basic, nicolae_overflow_hidden_temple
D:4:      layout_loops_cross, first_ration, uniq_grinder
D:5:      layout_basic, gammafunk_temple_overflow_elements,
          kennysheep_generic_room_14
D:6:      layout_loops_cross, temple_hall, basic_altar, st_stairs_1,
          hangedman_decor_push
D:7:      layout_basic, nicolae_sextant, uniq_menkaure, uniq_duvessa

Skill      XL: |  1  2  3  4  5  6  7  8  9 |
---------------+----------------------------+-----
Armour         | 4 5 6 7 8 |  8.6
Shields        | 4 5 6 7 8 |  8.6
Fighting       | 4 5 6 7 8 |  8.6
Axes           | 3 4 5 6 7 8 |  8.0
Polearms       | 1 |  1.4

Action                   |  1- 3 |  4- 6 |  7- 9 || total
-------------------------+-------+-------+-------++-------
Melee: War axe           |    63 |   197 |   238 ||   498
       Headbutt          |    10 |    21 |    54 ||    85
       Trident           |       |       |    21 ||    21
  Use: Scroll            |       |     5 |     3 ||     8
       Potion            |       |       |     1 ||     1
  Eat: Chunk             |       |     3 |     6 ||     9
       Ration            |       |     1 |     1 ||     2
Armor: Scale mail        |    29 |    94 |   109 ||   232
Dodge: Dodged            |    26 |    59 |    68 ||   153
Block: Shield            |    33 |   108 |   140 ||   281

Table legend:
 A = Non-vault XP
 B = Vault XP
 C = Vault XP percentage of total XP
 D = Non-vault monster count
 E = Vault monster count
 F = Vault count percentage of total count
                 A         B        C        D         E       F
            +---------+---------+-------+---------+---------+-------
      Total |    3572 |     426 |  10.7 |     175 |       7 |   3.8
            +---------+---------+-------+---------+---------+-------
        D:1 |      21 |      10 |  32.3 |      13 |       3 |  18.8
        D:2 |      91 |      32 |  26.0 |      32 |       1 |   3.0
        D:3 |     229 |       0 |   0.0 |      43 |       0 |   0.0
        D:4 |     357 |     254 |  41.6 |      15 |       1 |   6.2
        D:5 |     801 |       3 |   0.4 |      22 |       1 |   4.3
        D:6 |     900 |     127 |  12.4 |      27 |       1 |   3.6
        D:7 |    1173 |       0 |   0.0 |      23 |       0 |   0.0
            +---------+---------+-------+---------+---------+-------
